[ AOE2 MATCH · #504648802 ]
UnrankedTeutons vs Byzantines
Player's team · LOSS
[ REPLAY ANALYSIS · EXTRACTED FROM THE RECORDED GAME ]
Feudal
8:53
Castle
22:40
Imperial
27:11
| APM avg | 53.8 |
| APM peak | 109 |
| eAPM avg | 26.8 |
| Villagers / military | 97 / 53 |
Focus
⚔️ 25.7% · 🌾 74.3%
Monk ×32 · Archer ×11 · Bombard Cannon ×4 · Scout Cavalry ×3 · Trebuchet (Packed) ×3
Feudal
11:45
Castle
17:01
Imperial
30:58
| APM avg | 73.0 |
| APM peak | 127 |
| eAPM avg | 37.1 |
| Villagers / military | 133 / 132 |
Focus
⚔️ 49.1% · 🌾 50.9%
Scout Cavalry ×50 · Skirmisher ×45 · Camel Scout ×10 · Knight ×7 · Mangonel ×6 · Bombard Cannon ×6
Match map
Initial resources + every placement click. Lines = walls · curves = elevation contours. ◆ gold · ⬟ stone · ● berries · ✦ relic · ◌ wall gap
Your base· ✓ Closed at 22:40 · 0t walls · 2 gate(s)
CNZS_DuDuZhu's base· ✓ Closed at 17:01 · 19t walls · 4 gate(s)
Smoothed initial terrain · ◌ = detected wall gap · hover for details
Inputs per minute
— CNZS_Dooidy - - CNZS_DuDuZhu
Build order — CNZS_Dooidy
First 150 of 262 actions detected
| 0:00 | Create | Villager (Male) ×4 |
| 0:02 | Build | House |
| 0:02 | Build | House |
| 1:25 | Create | Villager (Male) |
| 1:57 | Create | Villager (Male) |
| 2:08 | Build | Lumber Camp |
| 2:13 | Build | Lumber Camp |
| 2:25 | Create | Villager (Male) |
| 2:25 | Create | Villager (Male) |
| 3:07 | Create | Villager (Male) |
| 3:33 | Create | Villager (Male) |
| 3:47 | Create | Villager (Male) |
| 3:48 | Create | Villager (Male) |
| 3:48 | Create | Villager (Male) |
| 4:12 | Build | House |
| 4:40 | Create | Villager (Male) |
| 5:09 | Create | Villager (Male) |
| 5:23 | Build | House |
| 5:44 | Build | Mill |
| 5:50 | Build | Mill |
| 5:52 | Create | Villager (Male) |
| 6:18 | Create | Villager (Male) |
| 6:40 | Research | Feudal Age |
| 7:43 | Build | Mining Camp |
| 7:53 | Build | Barracks |
| 8:00 | Create | Villager (Male) |
| 8:13 | Build | Mining Camp |
| 8:21 | Create | Villager (Male) |
| 8:53 | Age | Feudal Age |
| 9:01 | Build | Watch Tower |
| 9:14 | Research | Loom |
| 9:16 | Create | Villager (Male) |
| 9:27 | Build | Archery Range |
| 9:35 | Build | House |
| 9:43 | Create | Villager (Male) |
| 9:55 | Research | Double-Bit Axe |
| 10:12 | Create | Archer |
| 10:17 | Create | Archer |
| 10:19 | Create | Villager (Male) |
| 10:40 | Create | Villager (Male) |
| 11:13 | Create | Villager (Male) |
| 11:19 | Build | Farm |
| 11:20 | Build | Farm |
| 11:20 | Build | Farm |
| 11:37 | Build | Mining Camp |
| 11:57 | Create | Villager (Male) |
| 12:15 | Create | Villager (Male) |
| 12:15 | Create | Villager (Male) |
| 12:29 | Build | House |
| 12:39 | Create | Villager (Male) |
| 12:45 | Build | Farm |
| 12:46 | Build | Farm |
| 12:58 | Create | Villager (Male) |
| 13:09 | Build | Blacksmith |
| 13:11 | Create | Archer |
| 13:31 | Create | Villager (Male) |
| 13:38 | Create | Archer |
| 13:48 | Build | House |
| 13:49 | Build | House |
| 13:54 | Create | Villager (Male) |
| 14:02 | Research | Fletching |
| 14:03 | Research | Fletching |
| 14:28 | Create | Villager (Male) |
| 14:32 | Build | Farm |
| 14:36 | Create | Archer |
| 14:52 | Create | Archer |
| 15:04 | Create | Villager (Male) |
| 15:09 | Build | Farm |
| 15:11 | Build | Farm |
| 15:27 | Build | Watch Tower |
| 15:32 | Create | Villager (Male) |
| 15:33 | Create | Archer |
| 15:54 | Create | Villager (Male) |
| 15:56 | Build | Farm |
| 15:58 | Build | Farm |
| 16:02 | Create | Villager (Male) |
| 16:07 | Build | House |
| 16:09 | Build | House |
| 16:13 | Create | Villager (Male) |
| 16:24 | Create | Archer |
| 16:56 | Create | Villager (Male) |
| 17:19 | Build | Watch Tower |
| 17:29 | Create | Villager (Male) |
| 17:30 | Build | Farm |
| 17:32 | Build | Farm |
| 17:33 | Build | Farm |
| 17:35 | Build | Farm |
| 17:43 | Create | Archer |
| 17:47 | Create | Villager (Male) |
| 18:01 | Build | Watch Tower |
| 18:20 | Create | Villager (Male) |
| 18:37 | Create | Villager (Male) |
| 18:47 | Create | Villager (Male) |
| 18:52 | Build | Farm |
| 18:54 | Build | Market |
| 19:21 | Build | Stable |
| 20:00 | Research | Castle Age |
| 20:31 | Create | Scout Cavalry |
| 20:34 | Create | Archer |
| 20:47 | Create | Scout Cavalry |
| 20:59 | Build | Mill |
| 21:09 | Create | Archer |
| 21:23 | Build | Farm |
| 21:24 | Research | Horse Collar |
| 21:53 | Create | Villager (Male) |
| 22:40 | Age | Castle Age |
| 22:45 | Create | Villager (Male) |
| 22:55 | Build | Monastery |
| 23:06 | Build | University |
| 23:28 | Research | Town Watch |
| 23:29 | Research | Town Watch |
| 24:01 | Research | Imperial Age |
| 24:27 | Create | Scout Cavalry |
| 24:32 | Create | Monk |
| 24:55 | Create | Villager (Male) |
| 25:17 | Research | Bodkin Arrow |
| 26:00 | Research | Gold Mining |
| 26:07 | Build | Lumber Camp |
| 26:15 | Research | Crossbowman (upgrade) |
| 26:26 | Build | Monastery |
| 26:29 | Build | Monastery |
| 26:31 | Create | Villager (Male) |
| 26:38 | Build | House |
| 26:38 | Build | House |
| 26:58 | Research | Sanctity |
| 27:11 | Age | Imperial Age |
| 27:24 | Research | Chemistry |
| 27:33 | Create | Monk |
| 27:54 | Create | Monk |
| 28:05 | Create | Villager (Male) |
| 28:42 | Research | Redemption |
| 29:01 | Research | Block Printing |
| 29:01 | Research | Block Printing |
| 29:04 | Build | Mining Camp |
| 29:15 | Create | Monk |
| 29:25 | Build | House |
| 29:25 | Build | House |
| 29:35 | Create | Villager (Male) |
| 29:35 | Create | Villager (Male) |
| 29:37 | Create | Villager (Male) |
| 29:46 | Create | Monk |
| 30:44 | Research | Theocracy |
| 30:45 | Research | Illumination |
| 30:45 | Research | Illumination |
| 30:57 | Build | Castle |
| 31:06 | Create | Villager (Male) |
| 31:09 | Build | Castle |
| 31:53 | Create | Villager (Male) |
| 31:57 | Create | Monk |
| 31:57 | Create | Monk |
Build order — CNZS_DuDuZhu
First 150 of 485 actions detected
| 0:00 | Create | Villager (Male) |
| 0:00 | Create | Villager (Male) |
| 0:01 | Build | House |
| 0:02 | Build | House |
| 0:06 | Create | Villager (Male) |
| 0:09 | Create | Villager (Male) |
| 1:25 | Create | Villager (Male) |
| 1:44 | Create | Villager (Male) |
| 2:13 | Build | Palisade Gate |
| 2:15 | Build | Palisade Wall |
| 2:18 | Build | Palisade Wall |
| 2:19 | Create | Villager (Male) |
| 2:21 | Build | Palisade Wall |
| 2:22 | Build | Palisade Wall |
| 2:24 | Build | Palisade Wall |
| 2:30 | Build | Palisade Wall |
| 2:32 | Build | Palisade Wall |
| 2:34 | Build | Palisade Wall |
| 2:37 | Build | Palisade Wall |
| 2:44 | Build | Palisade Wall |
| 2:46 | Build | Palisade Gate |
| 2:52 | Create | Villager (Male) |
| 2:57 | Build | Palisade Wall |
| 3:04 | Build | Palisade Gate |
| 3:08 | Create | Villager (Male) |
| 3:10 | Build | Palisade Wall |
| 3:11 | Build | Palisade Wall |
| 3:13 | Build | Palisade Wall |
| 3:20 | Build | House |
| 3:25 | Create | Villager (Male) |
| 3:55 | Create | Villager (Male) |
| 3:55 | Create | Villager (Male) |
| 4:14 | Create | Villager (Male) |
| 4:39 | Build | Lumber Camp |
| 4:43 | Create | Villager (Male) |
| 5:02 | Create | Villager (Male) |
| 5:18 | Create | Villager (Male) |
| 5:46 | Build | House |
| 5:54 | Build | House |
| 5:56 | Create | Villager (Male) |
| 6:05 | Build | Mill |
| 6:25 | Create | Villager (Male) |
| 6:43 | Create | Villager (Male) |
| 7:11 | Create | Villager (Male) |
| 7:36 | Create | Villager (Male) |
| 7:49 | Build | Mining Camp |
| 8:10 | Create | Villager (Male) |
| 8:15 | Build | House |
| 8:32 | Create | Villager (Male) |
| 8:45 | Build | Farm |
| 8:51 | Research | Feudal Age |
| 8:58 | Research | Loom |
| 8:59 | Research | Feudal Age |
| 9:26 | Build | Mining Camp |
| 10:02 | Create | Villager (Male) |
| 11:45 | Age | Feudal Age |
| 11:49 | Build | Stone Wall |
| 11:57 | Research | Double-Bit Axe |
| 11:57 | Create | Villager (Male) |
| 12:04 | Build | Market |
| 12:09 | Build | Blacksmith |
| 12:20 | Create | Villager (Male) |
| 12:29 | Build | House |
| 12:50 | Build | Watch Tower |
| 12:55 | Build | House |
| 12:56 | Build | House |
| 12:59 | Create | Villager (Male) |
| 13:03 | Research | Fletching |
| 13:03 | Research | Fletching |
| 13:04 | Create | Villager (Male) |
| 13:05 | Build | Farm |
| 13:16 | Build | Stone Wall |
| 13:30 | Create | Villager (Male) |
| 13:31 | Build | Farm |
| 13:32 | Build | Farm |
| 14:17 | Build | Farm |
| 14:18 | Build | Farm |
| 14:21 | Research | Castle Age |
| 14:43 | Build | House |
| 15:01 | Build | House |
| 15:02 | Build | Stone Wall |
| 15:08 | Research | Horse Collar |
| 15:08 | Research | Horse Collar |
| 15:19 | Build | Lumber Camp |
| 15:53 | Build | Stone Wall |
| 16:06 | Create | Villager (Male) |
| 17:01 | Age | Castle Age |
| 17:03 | Build | Siege Workshop |
| 17:09 | Research | Bow Saw |
| 17:10 | Create | Villager (Male) |
| 17:12 | Build | Farm |
| 17:12 | Build | Farm |
| 17:22 | Create | Mangonel |
| 17:22 | Create | Mangonel |
| 17:25 | Build | Watch Tower |
| 17:30 | Create | Villager (Male) |
| 18:01 | Create | Mangonel |
| 18:03 | Create | Villager (Male) |
| 18:19 | Create | Villager (Male) |
| 18:27 | Create | Villager (Male) |
| 18:58 | Build | Monastery |
| 19:20 | Create | Villager (Male) |
| 19:24 | Build | Farm |
| 19:28 | Create | Villager (Male) |
| 19:29 | Build | Farm |
| 19:43 | Create | Villager (Male) |
| 19:51 | Build | Town Center |
| 20:04 | Create | Villager (Male) |
| 20:14 | Create | Villager (Male) |
| 20:26 | Build | House |
| 20:27 | Build | House |
| 20:32 | Create | Villager (Male) |
| 20:46 | Create | Villager (Male) |
| 20:53 | Create | Villager (Male) |
| 20:53 | Create | Villager (Male) |
| 20:54 | Build | Farm |
| 20:55 | Build | Farm |
| 21:01 | Create | Monk |
| 21:07 | Build | House |
| 21:14 | Build | Farm |
| 21:23 | Create | Villager (Male) |
| 21:28 | Create | Villager (Male) |
| 21:40 | Build | Gate |
| 21:49 | Create | Villager (Male) |
| 21:50 | Build | Farm |
| 22:04 | Build | House |
| 22:08 | Create | Villager (Male) |
| 22:10 | Create | Villager (Male) |
| 22:14 | Build | House |
| 22:15 | Build | Barracks |
| 22:24 | Create | Villager (Male) |
| 22:37 | Create | Villager (Male) |
| 22:52 | Build | Stable |
| 22:53 | Build | Mill |
| 22:54 | Build | Farm |
| 22:54 | Build | Farm |
| 22:54 | Build | Farm |
| 22:54 | Build | Farm |
| 22:55 | Build | Farm |
| 22:55 | Build | Farm |
| 22:59 | Create | Villager (Male) |
| 23:07 | Build | Farm |
| 23:10 | Research | Wheelbarrow |
| 23:10 | Research | Wheelbarrow |
| 23:27 | Create | Monk |
| 23:29 | Create | Villager (Male) |
| 23:42 | Build | Farm |
| 23:42 | Build | Farm |
| 23:42 | Build | Farm |
| 23:43 | Build | Farm |
Match timeline
| 2:15 | CNZS_DuDuZhu · wall_segment Palisade Wall x1 |
| 2:18 | CNZS_DuDuZhu · wall_segment Palisade Wall x1 |
| 2:21 | CNZS_DuDuZhu · wall_segment Palisade Wall x1 |
| 2:22 | CNZS_DuDuZhu · wall_segment Palisade Wall x1 |
| 2:24 | CNZS_DuDuZhu · wall_segment Palisade Wall x1 |
| 2:30 | CNZS_DuDuZhu · wall_segment Palisade Wall x1 |
| 2:32 | CNZS_DuDuZhu · wall_segment Palisade Wall x1 |
| 2:34 | CNZS_DuDuZhu · wall_segment Palisade Wall x1 |
| 2:37 | CNZS_DuDuZhu · wall_segment Palisade Wall x1 |
| 2:44 | CNZS_DuDuZhu · wall_segment Palisade Wall x1 |
| 2:57 | CNZS_DuDuZhu · wall_segment Palisade Wall x1 |
| 3:10 | CNZS_DuDuZhu · wall_segment Palisade Wall x1 |
| 3:11 | CNZS_DuDuZhu · wall_segment Palisade Wall x1 |
| 3:13 | CNZS_DuDuZhu · wall_segment Palisade Wall x1 |
| 7:53 | CNZS_Dooidy · first_building Barracks |
| 8:53 | CNZS_Dooidy · age_up feudal |
| 9:27 | CNZS_Dooidy · first_building Archery Range |
| 11:45 | CNZS_DuDuZhu · age_up feudal |
| 11:49 | CNZS_DuDuZhu · wall_segment Stone Wall x1 |
| 13:16 | CNZS_DuDuZhu · wall_segment Stone Wall x1 |
| 13:35 | CNZS_DuDuZhu · first_market_buy 100 food |
| 15:02 | CNZS_DuDuZhu · wall_segment Stone Wall x1 |
| 15:53 | CNZS_DuDuZhu · wall_segment Stone Wall x2 |
| 17:01 | CNZS_DuDuZhu · age_up castle |
| 17:03 | CNZS_DuDuZhu · first_building Siege Workshop |
| 18:35 | CNZS_DuDuZhu · first_market_sell 100 stone |
| 18:58 | CNZS_DuDuZhu · first_building Monastery |
| 19:21 | CNZS_Dooidy · first_building Stable |
| 22:15 | CNZS_DuDuZhu · first_building Barracks |
| 22:40 | CNZS_Dooidy · age_up castle |
| 22:52 | CNZS_DuDuZhu · first_building Stable |
| 22:55 | CNZS_Dooidy · first_building Monastery |
| 23:41 | CNZS_Dooidy · first_market_buy 100 food |
| 26:55 | CNZS_DuDuZhu · wall_segment Stone Wall x1 |
| 27:11 | CNZS_Dooidy · age_up imperial |
| 27:16 | CNZS_Dooidy · first_market_sell 100 food |
| 29:49 | CNZS_DuDuZhu · first_building Castle |
| 30:57 | CNZS_Dooidy · first_building Castle |
| 30:58 | CNZS_DuDuZhu · age_up imperial |
| 31:45 | CNZS_DuDuZhu · first_building Archery Range |
| 33:10 | CNZS_Dooidy · first_building Siege Workshop |
| 44:12 | CNZS_Dooidy · resign |
[ AI ANALYSIS · 1 CREDIT ]
What really happened in this match?
Wolo.gg analyzes every decision: build order, eco, micro, common mistakes by bracket. Personalized analysis on WhatsApp or Discord in 30 seconds.
Civ guide
Teutons
Perfil
Jugador #2594552